 Dungeon Crawl Stone Soup version 0.31.0-12-g77e489cdc1 (webtiles) character file.

Game seed: 4771829143858712119

81 Killerpretzel the Changeling (level 4, -1/29 HPs)
             Began as an Octopode Shapeshifter on Mar 2, 2024.
             Slain by an orc wizard
             ... wielding a +1 dagger of speed
              (4 damage)
             ... on level 2 of the Dungeon.
             The game lasted 00:02:46 (902 turns).

Killerpretzel the Changeling (Octopode Shapeshifter) Turns: 902, Time: 00:02:47

Health: -1/29      AC:  1    Str: 13    XL:     4   Next: 42%
Magic:  4/4        EV: 13    Int: 12    God:
Gold:   56         SH:  0    Dex: 13    Spells: 3/3 levels left

rFire   . .          .
                       - Unarmed
rCold   . . .        (no shield)
rNeg    . . .        (helmet currently unavailable)
rPois   .            (no amulet)
rElec   .            (no ring)
rCorr   .            (no ring)
SInv    .            (no ring)
Will    .....        (no ring)
Stlth   ++           (no ring)
HPRegen 0.24/turn    (no ring)
MPRegen 0.09/turn    (no ring)
                     (no ring)

%: no passive effects
@: beast-form
A: beast (slay +2), almost no armour, amphibious, 8 rings, camouflage 1,
gelatinous body 1, (nimble swimmer 1), tentacles
a: Begin Untransformation


You were on level 2 of the Dungeon.
You were a hulking beast.
You visited 1 branch of the dungeon, and saw 2 of its levels.

You collected 56 gold pieces.

Inventory:

Talismans
 b - a beast talisman
 c - a flux talisman
Scrolls
 d - 2 scrolls of identify
 e - a scroll of immolation
Potions
 a - a potion of lignification
 f - a potion of might {unknown}


   Skills:
 + Level 2.0 Fighting
 + Level 2.6 Dodging
 + Level 3.4 Unarmed Combat
 * Level 3.8 Shapeshifting


You had 3 spell levels left.
You didn't know any spells.
Your spell library was empty.

Dungeon Overview and Level Annotations

Branches:
Dungeon (2/15)

Altars:


Innate Abilities, Weirdness & Mutations

You are a hulking beast.
Your limbs bulge with bestial killing power. (Slay +2)
You cannot wear most types of armour.
You are amphibious.
You can wear up to eight rings at the same time.
Your skin changes colour to match your surroundings (Stealth+).
Your rubbery body absorbs attacks. (AC +1, EV +1)
((You are camouflaged when in or above water. (Stealth+)))
You have tentacles for arms and can constrict up to eight enemies at once.


Message History

The orc wizard is heavily wounded.
The orc wizard hits you with a +0 dagger.
You tentacle-slap the orc wizard. You grab the orc wizard.
The orc wizard is severely wounded.
You constrict the orc wizard.
The orc wizard gestures wildly while chanting.
The orc wizard flickers and vanishes!
You hear a bark!
You tentacle-slap something but do no damage.
You constrict something.
Reactivating autopickup.
You feel a bit more experienced.
You hear an angry hiss.
Your Fighting skill increases to level 2!
Something hits you.
Deactivating autopickup; reactivate with Ctrl-A.
Something barely misses you.
You tentacle-slap something. Your squeeze misses something.
Something barely misses you. Something hits you.
You barely miss something. You squeeze something! Something hits you.
You barely miss something. You squeeze something.
You hear some strange, mumbled words.
A magic dart appears from out of thin air!
The magic dart hits you.
You barely miss something. Something hits you. x2
* * * LOW HITPOINT WARNING * * *
You barely miss something. Your squeeze misses something. Something hits you.
* * * LOW HITPOINT WARNING * * *
You closely miss something.
You hear some strange, mumbled words.
Something tries to affect you, but you resist.
You closely miss something. Your squeeze misses something.
You hear some strange, mumbled words.
Something tries to affect you, but you resist.
You miss something. Something completely misses you.
You tentacle-slap something but do no damage.
An orc wizard appears from thin air!
Reactivating autopickup.
The orc wizard hits you with a +1 dagger of speed.
You die...

h... #..≈.≈§≈.§§. ...#
.o... #...§§≈≈≈§≈≈ .#.
..... #....≈._≈... ..
.....o ...≈.≈≈≈≈≈§ .#
......#..≈.≈≈≈.≈§.#.#
.......#≈.≈...§§.#.#####
.........≈.....§#.......
##########o#....§#........
#........h#.#####.........
#.........##......†.......
#.........#####>...)......
#...............#.........
#.........###...#.........
#<..........#.###.########
###########)#............
#.####......... ########)#
#.........


You could see an orc wizard.

Vanquished Creatures
  An orc wizard (D:2)
  2 adders (D:2)
  2 dart slugs (D:1)
  5 bats (D:1)
  4 endoplasms
  3 goblins
  5 hobgoblins
  2 jackals (D:1)
  2 kobolds (D:2)
  A quokka (D:2)
  3 frilled lizards (D:1)
  2 rats
32 creatures vanquished.

Notes
Turn   | Place    | Note
-------+----------+-------------------------------------------
     0 | D:1      | Killerpretzel the Octopode Shapeshifter began the quest for
                  | the Orb.
     0 | D:1      | Reached XP level 1. HP: 13/13 MP: 1/1
   104 | D:1      | Reached XP level 2. HP: 17/18 MP: 2/2
   432 | D:1      | Reached XP level 3. HP: 23/23 MP: 3/3
   846 | D:2      | Found a faded altar of an unknown god.
   876 | D:2      | Reached XP level 4. HP: 29/29 MP: 4/4
   902 | D:2      | Slain by an orc wizard

Illustrated notes

Levels and vault maps discovered:
D:1:      noname_arrival_rooms_in_the_neighbourhood, layout_basic,
          nicolae_figureground_sparkle
D:2:      layout_basic, serial_shops, shop,
          shapermc_ecumenical_altar_starsandcircs,
          minmay_fractal_squares_gapless_5

Skill      XL: |  1  2  3  4 |
---------------+-------------+-----
Fighting       | 2 |  2.0
Dodging        | |  2.6
Unarmed Combat | |  3.4
Shapeshifting  | |  3.8

Action                     |  1- 3 |  4- 6 || total
---------------------------+-------+-------++-------
  Melee: Unarmed           |    64 |    12 ||    76
         Constrict         |    16 |     1 ||    17
         Tentacles         |     7 |     3 ||    10
         Punch             |     3 |       ||     3
    Use: Scroll            |     1 |       ||     1
   Stab: Sleeping          |     5 |       ||     5
 Armour: Skin              |    25 |     9 ||    34
  Dodge: Dodged            |    32 |     3 ||    35
